 Dungeon Crawl Stone Soup version 0.22.1-2-g9c5b331383 (webtiles) character file.

2095 Cykl0x the Conjurer (level 9, -4/54 HPs)
             Began as an Octopode Conjurer on Jan 2, 2019.
             Was an Initiate of Vehumet.
             Slain by an orc warrior
             ... wielding a +0 halberd
              (36 damage)
             ... on level 7 of the Dungeon.
             The game lasted 00:37:12 (7684 turns).

Cykl0x the Conjurer (Octopode Conjurer)             Turns: 7684, Time: 00:37:12

Health: -4/54      AC:  5    Str:  7    XL:     9   Next: 27%
Magic:  9/19       EV: 14    Int: 26    God:    Vehumet [......]
Gold:   373        SH:  0    Dex: 12    Spells: 8/22 levels left

rFire    + . .     SeeInvis .   y - +2 battleaxe
rCold    + . .     Gourm    .   (shield currently unavailable)
rNeg     + . .     Faith    .   q - +2 hat
rPois    .         Spirit   .   p - amulet of harm
rElec    .         Reflect  .   d - +5 ring of intelligence
rCorr    .         Harm     +   f - +2 ring of protection
MR       .....                  m - ring of flight
Stlth    ++++......             s - ring of protection from cold
HPRegen  0.18/turn              t - ring of positive energy
MPRegen  0.16/turn              E - ring of protection from fire
                                (no ring)
                                (no ring)

@: no status effects
A: almost no armour, stealthy swim, amphibious, 8 rings, constrict 8, camouflage
1, gelatinous body 1
a: Renounce Religion, Evoke Flight


You were on level 7 of the Dungeon.
You worshipped Vehumet.
Vehumet was noncommittal.
You were not hungry.

You visited 2 branches of the dungeon, and saw 8 of its levels.

You collected 373 gold pieces.

Inventory:

Hand Weapons
 k - a +3 war axe
 y - a +2 battleaxe (weapon)
Missiles
 e - 158 stones (quivered)
Armour
 q - a +2 hat (worn)
Jewellery
 d - a +5 ring of intelligence (left tentacle)
 f - a +2 ring of protection (right tentacle)
 m - a ring of flight (on tentacle)
 p - an amulet of harm (around mantle)
 s - a ring of protection from cold (on tentacle)
 t - a ring of positive energy (on tentacle)
 E - a ring of protection from fire (on tentacle)
Wands
 a - a wand of iceblast (12)
 n - a wand of flame (56)
 v - a wand of acid (4)
 x - a wand of polymorph (16)
 z - a wand of random effects (17)
 D - a wand of scattershot (3)
Scrolls
 r - a scroll of magic mapping
 u - 2 scrolls of remove curse
 w - a scroll of blinking
 A - 2 scrolls of noise {unknown}
 B - a scroll of identify
Potions
 c - a potion of haste
 g - 2 potions of lignification {unknown}
 h - 2 potions of agility {unknown}
 i - 5 potions of curing {unknown}
 j - 2 potions of flight {unknown}
 l - a potion of heal wounds {unknown}
 o - a potion of brilliance {unknown}
 F - a potion of might {unknown}
Comestibles
 b - 15 rations
 C - 3 chunks of flesh


   Skills:
 + Level 1.9 Fighting
 + Level 3.9 Axes
 + Level 3.9 Dodging
 + Level 5.2 Stealth
 + Level 7.0 Spellcasting
 + Level 7.6 Conjurations
 + Level 0.5 Hexes
 + Level 0.1 Evocations


You had 8 spell levels left.
You knew the following spells:

 Your Spells              Type           Power        Failure   Level  Hunger
a - Magic Dart            Conj           ####         1%          1    None
b - Searing Ray           Conj           #####.       1%          2    None
c - Dazzling Spray        Conj/Hex       ####..       3%          3    None
d - Iskenderun's Mystic   Conj           #####...     2%          4    ###....
e - Fulminant Prism       Conj/Hex       ####......   12%         4    ###....

Your spell library contained the following spells:

 Spells                   Type           Power        Failure   Level  Hunger
 Shock                    Conj/Air       ####         1%          1    None
 Stone Arrow              Conj/Erth      ####..       3%          3    None
 Force Lance              Conj/Tloc      ####....     13%         4    ###....
 Freezing Cloud           Conj/Ice/Air   ###.......   98%         6    ######.


Dungeon Overview and Level Annotations

Branches:
Dungeon (7/15)             Temple (1/1) D:7

Altars:
Ashenzari
Cheibriados
Dithmenos
Elyvilon
Fedhas
Gozag
Hepliaklqana
Kikubaaqudgha
Makhleb
Nemelex Xobeh
Okawaru
Qazlal
Ru
Sif Muna
Trog
Uskayaw
Vehumet
Wu Jian
Xom
Yredelemnul
Zin
The Shining One

Annotations:
D:6 2 transporters, Menkaure


Innate Abilities, Weirdness & Mutations

You cannot wear most types of armour.
You are very stealthy in the water. (Stealth+)
You are amphibious.
You can wear up to eight rings at the same time.
You can use your tentacles to constrict eight enemies at once.
Your skin changes colour to match your surroundings (Stealth+).
Your rubbery body absorbs attacks. (AC +1, EV +1)


Message History

(Press . to maintain the ray.)
The searing ray misses the orc warrior.
The searing ray hits the orc warrior.
The orc warrior is heavily wounded.
The orc warrior completely misses you.
The searing ray hits the orc warrior.
The orc warrior is severely wounded.
You finish channeling your searing ray.
The orc warrior hits you from afar with a halberd!!
Casting: Searing Ray (safe; 1% risk of failure)
Confirm with . or Enter, or press ? or * to list all spells.
Aiming: Dazzling Spray (safe; 3% risk of failure)
Press: ? - help, Shift-Dir - straight line, f/p - orc warrior
Aim: an orc warrior, wielding a halberd and wearing a plate armour (severely The spray of energy hits the orc warrior.
The orc warrior is severely wounded.
The orc warrior is dazzled.
The orc warrior hits you from afar with a halberd!!
Ouch! That really hurt!
You die...

........#.....##
#...........
.........#.....#
##..........
.....<....o....#####
##.[.......
..........#........#
###.....#.
..........#........##
#######.
.......<..#.........#
##.
..........##†.o..####
#.. #.........##......#
#..
##........##....@.##
###..
####....####..[...#
####.).. ######
#......#######.......
####
##......##.......##..
...#####
#...........#######.
.......#####
#........#### ##
###).......####......##
##### #
...###...............#
#...### #
.....####............#
#.....###


You could see an orc warrior (blind) and an orc wizard.

Vanquished Creatures
  Duvessa (D:7)
  A sky beast (D:5)
  An ice beast (D:7)
  2 orc warriors (D:7)
  A phantom (D:7)
  A centaur (D:7)
  A crocodile (D:7)
  2 bullfrogs (D:7)
  Dowan (D:7)
  A scorpion (D:7)
  8 wights
  A bullfrog zombie (D:6)
  2 crimson imps
  A centaur skeleton (D:4)
  A jelly (D:6)
  2 orc priests
  6 orc wizards
  Natasha (thrice) (D:2)
  An iguana (D:6)
  2 worker ants
  11 gnolls
  2 adders
  A shadow imp (D:7)
  An ooze (D:5)
  2 adder skeletons
  3 worms
  4 dart slugs
  3 leopard geckos
  23 orcs
  11 bats
  6 giant cockroaches
  2 goblins
  11 hobgoblins
  12 jackals
  3 ball pythons
  8 frilled lizards
  2 jackal skeletons (D:4)
  5 kobolds
  A leopard gecko zombie (D:4)
  A quokka skeleton (D:6)
  A quokka zombie (D:5)
  9 rats
161 creatures vanquished.

Vanquished Creatures (others)
  A fulminant prism (D:7)
1 creature vanquished.

Grand Total: 162 creatures vanquished

Notes
Turn   | Place    | Note
-------+----------+-------------------------------------------
     0 | D:1      | Cykl0x the Octopode Conjurer began the quest for the Orb.
     0 | D:1      | Reached XP level 1. HP: 11/11 MP: 3/3
   233 | D:1      | Reached XP level 2. HP: 17/17 MP: 3/5
   237 | D:1      | Learned a level 2 spell: Searing Ray
   264 | D:1      | Found a sparkling altar of Nemelex Xobeh.
  1095 | D:2      | Reached XP level 3. HP: 21/21 MP: 1/6
  1281 | D:2      | Found a faded altar of an unknown god.
  1608 | D:2      | Noticed Natasha
  1617 | D:2      | Killed Natasha
  1617 | D:2      | Reached XP level 4. HP: 10/27 MP: 1/7
  1907 | D:2      | Noticed Natasha
  1914 | D:2      | Killed Natasha
  1914 | D:2      | Reached skill level 5 in Conjurations
  2078 | D:2      | Noticed Natasha
  2085 | D:2      | Killed Natasha
  2085 | D:2      | Reached XP level 5. HP: 31/31 MP: 2/9
  2202 | D:3      | Learned a level 3 spell: Dazzling Spray
  2635 | D:3      | Found a snail-covered altar of Cheibriados.
  2745 | D:3      | Reached skill level 1 in Axes
  3262 | D:4      | Reached XP level 6. HP: 37/37 MP: 3/10
  3659 | D:4      | Found a stormy altar of Qazlal.
  3659 | D:4      | Found an iron altar of Okawaru.
  3827 | D:4      | Identified Veighoul's Reference Book on Confrontation
  3834 | D:4      | Learned a level 4 spell: Iskenderun's Mystic Blast
  4091 | D:5      | Entered Level 5 of the Dungeon
  4133 | D:5      | Reached skill level 1 in Fighting
  4415 | D:5      | Found a deep blue altar of Sif Muna.
  4518 | D:5      | Reached XP level 7. HP: 43/43 MP: 3/12
  5341 | D:6      | Found a hazy altar of Hepliaklqana.
  5512 | D:6      | Found an ancient bone altar of Kikubaaqudgha.
  5512 | D:6      | Noticed Menkaure
  5513 | D:6      | Found a basalt altar of Yredelemnul.
  5529 | D:6      | Noticed a vampire
  5532 | D:6      | Found a transporter.
  5623 | D:6      | Noticed a vampire
  5624 | D:6      | Found a transporter.
  5897 | D:6      | Reached skill level 5 in Spellcasting
  5897 | D:6      | Reached XP level 8. HP: 48/48 MP: 11/15
  6398 | D:7      | Found a staircase to the Ecumenical Temple.
  6412 | Temple   | Entered the Ecumenical Temple
  6419 | Temple   | Became a worshipper of Vehumet
  6509 | D:7      | Learned a level 4 spell: Fulminant Prism
  6632 | D:7      | Noticed Duvessa
  6742 | D:7      | Killed Duvessa
  6995 | D:7      | Noticed Dowan
  7012 | D:7      | Reached XP level 9. HP: 41/54 MP: 7/18
  7012 | D:7      | Killed Dowan
  7018 | D:7      | Found a sacrificial altar of Ru.
  7018 | D:7      | Found a shadowy altar of Dithmenos.
  7018 | D:7      | Found an opulent altar of Gozag.
  7018 | D:7      | Found a sparkling altar of Nemelex Xobeh.
  7085 | D:7      | Reached skill level 5 in Stealth
  7255 | D:7      | Found a shimmering altar of Xom.
  7684 | D:7      | Slain by an orc warrior

Skill      XL: |  1  2  3  4  5  6  7  8  9 |
---------------+----------------------------+-----
Stealth        | 3 4 5 |  5.2
Conjurations   | 5 6 7 |  7.6
Axes           | 1 2 3 |  3.9
Spellcasting   | 3 5 6 7 |  7.0
Fighting       | 1 |  1.9
Dodging        | 3 |  3.9
Hexes          | |  0.5
Evocations     | |  0.1

Action                   |  1- 3 |  4- 6 |  7- 9 || total
-------------------------+-------+-------+-------++-------
Melee: Hand axe          |    19 |       |       ||    19
       Constrict         |     6 |     8 |     4 ||    18
       Tentacles         |     4 |     3 |     5 ||    12
       War axe           |       |    27 |     7 ||    34
       Battleaxe         |       |       |    14 ||    14
 Cast: Magic Dart        |    37 |    70 |    88 ||   195
       Searing Ray       |    10 |    29 |    32 ||    71
       Dazzling Spray    |       |     4 |     2 ||     6
       Fulminant Prism   |       |       |     1 ||     1
 Abil: Stop Flying       |       |       |     1 ||     1
       Evoke Flight      |       |       |     1 ||     1
Evoke: Wand              |       |       |     1 ||     1
  Use: Scroll            |     2 |     5 |     5 ||    12
       Potion            |       |       |     1 ||     1
 Stab: Sleeping          |     3 |     3 |       ||     6
  Eat: Chunk             |     3 |     9 |     7 ||    19
       Ration            |       |       |     1 ||     1
Armor: Skin              |       |     7 |    14 ||    21
Dodge: Dodged            |    13 |    25 |    41 ||    79
